 Dungeon Crawl Stone Soup version 0.26.0-16-gc1dbca0489 (webtiles) character file.

Game seed: 5299864487229530386

151 sizableburger the Chiller (level 5, 0/35 HPs)
             Began as a Demonspawn Ice Elementalist on Jan 21, 2021.
             Splashed by Ijyb's acid (14 damage)
             ... on level 3 of the Dungeon.
             The game lasted 00:12:29 (3464 turns).

sizableburger the Chiller (DsIE)                    Turns: 3464, Time: 00:12:29

Health: 0/35       AC: 12    Str:  9    XL:     5   Next: 11%
Magic:  0/9        EV: 13    Int: 17    God:
Gold:   68         SH:  0    Dex: 13    Spells: 3/10 levels left

rFire    . . .     SeeInvis .   i - +2 short sword (vamp)
rCold    . . .     Faith    .   (no shield)
rNeg     . . .     Spirit   +   a - +0 robe
rPois    .         Reflect  .   m - +0 helmet
rElec    .         Harm     .   v - +0 cloak
rCorr    .         Rampage  .   (no gloves)
Will     .....                  (no boots)
Stlth    ++........             (no amulet)
HPRegen  0.11/turn              s - ring of flight
MPRegen  0.11/turn              (no ring)

@: icy armour
A: claws 1, iridescent scales 1, magic shield, miasma immunity
a: Evoke Flight


You were on level 3 of the Dungeon.
You visited 1 branch of the dungeon, and saw 3 of its levels.

You collected 68 gold pieces.

Inventory:

Hand Weapons
 i - a +2 vampiric short sword (weapon)
Armour
 a - a +0 robe (worn)
 m - a +0 helmet (worn)
 v - a +0 cloak (worn)
Jewellery
 s - a ring of flight (left claw)
Wands
 t - a wand of acid (7)
Scrolls
 c - 3 scrolls of remove curse {unknown}
 e - a scroll of random uselessness {unknown}
 f - a scroll of teleportation {unknown}
 h - 2 scrolls of noise {unknown}
 j - a scroll of immolation {unknown}
 k - a scroll of blinking {unknown}
 l - a scroll of identify {unknown}
 p - a scroll of magic mapping {unknown}
 r - a scroll of enchant armour {unknown}
Potions
 b - a potion of might
 d - a potion of degeneration {unknown}
 g - 2 potions of heal wounds {unknown}
 n - a potion of cancellation {unknown}
 o - 3 potions of berserk rage {unknown}
 q - a potion of haste {unknown}
 u - a potion of attraction {unknown}


   Skills:
 + Level 3.1 Dodging
 - Level 1.7 Stealth
 + Level 3.2 Spellcasting
 + Level 4.4 Ice Magic


You had 3 spell levels left.
You knew the following spells:

 Your Spells              Type           Power        Failure   Level
a - Freeze                Ice            68%          2%          1
b - Frozen Ramparts       Ice            34%          9%          3
c - Ozocubu's Armour      Ice            17%          9%          3

Your spell library contained the following spells:

 Spells                   Type           Power        Failure   Level
 Hailstorm                Conj/Ice       10%          56%         4
 Summon Ice Beast         Ice/Summ       10%          56%         4


Dungeon Overview and Level Annotations

Branches:
Dungeon (3/15)

Altars:
Cheibriados

Annotations:
D:3 Ijyb


Innate Abilities, Weirdness & Mutations

You have sharp fingernails.
You are partially covered in iridescent scales. (AC +2)
When hurt, damage is shared between your health and your magic reserves.
You are immune to miasma.


Message History

Ijyb screams, "No!
No, no, no, no!"
Ijyb barely misses you.
You miss Ijyb.
Ijyb is moderately wounded.
The wall freezes Ijyb.
Ijyb closely misses you.
You closely miss Ijyb.
Ijyb is heavily wounded.
The wall freezes Ijyb.
Ijyb barely misses you.
You miss Ijyb.
Ijyb is almost dead.
The frozen ramparts melt away.
Ijyb completely misses you.
You hit Ijyb.
Ijyb is almost dead.
Ijyb hits you but does no damage.
You barely miss Ijyb.
Ijyb is almost dead.
Ijyb zaps a wand.
The bolt of acid hits you!!
Ouch! That really hurt!
You are splashed with acid!
You die...

..... ..)......#
..#.. #....g....
...... .........
..#...##....?...
................
######.#####.#.
#[# ###.# #@g.#
#####


You could see Ijyb.

Vanquished Creatures
  Crazy Yiuf (D:2)
  An orc wizard (D:1)
  Robin (D:2)
  An adder (D:2)
  An ooze (D:1)
  A worm (D:2)
  3 leopard geckos (D:1)
  3 orcs
  2 giant cockroaches (D:1)
  6 hobgoblins
  7 kobolds
  2 quokkas (D:2)
  A ball python (D:2)
  10 bats
  5 frilled lizards
  16 goblins
  5 rats
66 creatures vanquished.

Vanquished Creatures (others)
  2 fungi (D:2)
2 creatures vanquished.

Grand Total: 68 creatures vanquished

Notes
Turn   | Place    | Note
-------+----------+-------------------------------------------
     0 | D:1      | sizableburger the Demonspawn Ice Elementalist began the
                  | quest for the Orb.
     0 | D:1      | Reached XP level 1. HP: 13/13 MP: 3/3
   221 | D:1      | Gained mutation: You are immune to miasma. [demonic
                  | ancestry]
   221 | D:1      | Reached XP level 2. HP: 19/19 MP: 1/5
   681 | D:1      | Gained mutation: You are partially covered in iridescent
                  | scales. (AC +2) [demonic ancestry]
   681 | D:1      | Reached XP level 3. HP: 21/24 MP: 3/6
  1200 | D:1      | Reached skill level 4 in Ice Magic
  1222 | D:1      | Learned a level 3 spell: Frozen Ramparts
  1566 | D:1      | Learned a level 3 spell: Ozocubu's Armour
  1700 | D:2      | Noticed Robin
  2114 | D:2      | Killed Robin
  2115 | D:2      | Gained mutation: You have sharp fingernails. [demonic
                  | ancestry]
  2115 | D:2      | Reached XP level 4. HP: 26/30 MP: 1/8
  2189 | D:2      | Found a snail-covered altar of Cheibriados.
  3242 | D:2      | Found a runed translucent door.
  3243 | D:2      | Noticed Crazy Yiuf
  3257 | D:2      | Killed Crazy Yiuf
  3258 | D:2      | Gained mutation: When hurt, damage is shared between your
                  | health and your magic reserves. [demonic ancestry]
  3258 | D:2      | Reached XP level 5. HP: 18/35 MP: 0/9
  3443 | D:3      | Noticed Ijyb
  3464 | D:3      | Splashed by Ijyb's acid

Illustrated notes

Levels and vault maps discovered:
D:1:      amcnicky_arrival_blooded_trapdoor, layout_loops_ring,
          chequers_serial_rivers_room_a, hangedman_decor_push
D:2:      layout_basic, cheibriados_altar_1, uniq_crazy_yiuf_cottage, uniq_robin
D:3:      layout_basic, led_sif_book, lemuel_coloured_pillars_altar,
          general_overflow_altar, overflow_temple_1_default,
          portal_sewer_entry_f, kb_xom_exploding_sheep, uniq_terence, uniq_ijyb,
          uniq_sigmund, uniq_natasha

Skill      XL: |  1  2  3  4 |
---------------+-------------+-----
Dodging        | 2 3 |  3.1
Ice Magic      | 4 |  4.4
Spellcasting   | 3 |  3.2
Stealth        | |  1.7

Action                   |  1- 3 |  4- 6 || total
-------------------------+-------+-------++-------
Melee: Unarmed           |     3 |       ||     3
       Short sword       |     7 |    46 ||    53
 Cast: Freeze            |    47 |    10 ||    57
       Frozen Ramparts   |     5 |    10 ||    15
       Ozocubu's Armour  |     1 |     3 ||     4
Armor: Robe              |    21 |    18 ||    39
Dodge: Dodged            |    55 |    37 ||    92
